 Dungeon Crawl Stone Soup version 0.27-a0-3-gcf006a40f5 (webtiles) character file.

Game seed: 15067421833018816012

164 sahdkjhfkaj the Conjurer (level 5, -7/32 (35) HPs)
             Began as a Human Conjurer on Jan 1, 2021.
             Mangled by a wight
             ... wielding a +1 halberd
              (12 damage)
             ... on level 2 of the Dungeon.
             The game lasted 00:02:19 (1483 turns).

sahdkjhfkaj the Conjurer (Human Conjurer)           Turns: 1483, Time: 00:02:20

HP:   -7/32 (35)    AC:  2    Str:  7    XL:     5   Next: 73%
MP:   0/10          EV: 12    Int: 19    God:
Gold: 33            SH:  0    Dex: 12    Spells: 4/11 levels left

rFire    . . .     SeeInvis .   f - +0 club
rCold    . . .     Faith    .   (no shield)
rNeg     . . .     Spirit   .   a - +0 robe
rPois    .         Reflect  .   (no helmet)
rElec    .         Harm     .   (no cloak)
rCorr    .         Rampage  .   (no gloves)
Will     .....                  (no boots)
Stlth    ++........             (no amulet)
HPRegen  0.10/turn              (no ring)
MPRegen  0.12/turn              (no ring)

@: drained
A: no striking features
a: no special abilities


You were on level 2 of the Dungeon.
You visited 1 branch of the dungeon, and saw 2 of its levels.

You collected 33 gold pieces.

Inventory:

Hand Weapons
 f - a +0 club (weapon)
Armour
 a - a +0 robe (worn)
Jewellery
 k - a +6 ring of dexterity {unknown}
Scrolls
 c - a scroll of amnesia
 j - a scroll of identify {unknown}
 l - a scroll of magic mapping {unknown}
Potions
 b - a potion of haste
 d - a potion of heal wounds {unknown}
 e - 2 potions of curing
 g - a potion of attraction
 h - a potion of might {unknown}
 i - a potion of degeneration {unknown}


   Skills:
 - Level 2.0 Dodging
 - Level 2.0 Stealth
 - Level 3.7 Spellcasting
 - Level 5.0 Conjurations
 + Level 1.7 Hexes


You had 4 spell levels left.
You knew the following spells:

 Your Spells              Type           Power        Failure   Level
a - Magic Dart            Conj           88%          1%          1
b - Searing Ray           Conj           44%          2%          2
c - Fulminant Prism       Conj/Hex       8%           34%         4

Your spell library contained the following spells:

 Spells                   Type           Power        Failure   Level
 Dazzling Flash           Conj/Hex       32%          11%         3
 Iskenderun's Mystic Bla  Conj/Tloc      13%          45%         4


Dungeon Overview and Level Annotations

Branches:
Dungeon (2/15)

Altars:


Message History

You finish channeling your searing ray.
The wight hits you from afar with a +1 halberd.
You feel drained. The wight hits you with a +0 war axe!
* * * LOW HITPOINT WARNING * * *
You feel drained.
* * * LOW HITPOINT WARNING * * *
Casting: Searing Ray (safe; 2% risk of failure)
Confirm with . or Enter, or press ? or * to list all spells.
Aiming: Searing Ray (safe; 2% risk of failure)
Press: ? - help, Shift-Dir - straight line, f - wight
Aim: a wight, wielding a +0 war axe and wearing a +0 robe (heavily damaged, 22% to evade)
The searing ray hits the wight.
The wight is heavily damaged.
The searing ray hits the wight.
The wight is almost destroyed. (Press . to maintain the ray.)
The wight barely misses you.
The wight hits you from afar with a +1 halberd!
You die...

## #.#..
.....S##########
....!zz@.......†
##..####.######
##..####.#
.........#
....####)# . #.#
## #..# #.# ..#
#.#..# #.#
...#.#..###.#


You could see 2 wights and an adder.

Vanquished Creatures
  3 wights (D:2)
  3 gnolls
  A giant cockroach (D:2)
  2 hobgoblins
  4 kobolds
  5 bats
  3 rats
21 creatures vanquished.

Notes
Turn   | Place    | Note
-------+----------+-------------------------------------------
     0 | D:1      | sahdkjhfkaj the Human Conjurer began the quest for the Orb.
     0 | D:1      | Reached XP level 1. HP: 13/13 MP: 3/3
   373 | D:1      | Reached XP level 2. HP: 19/19 MP: 2/5
   376 | D:1      | Learned a level 2 spell: Searing Ray
  1049 | D:2      | Reached XP level 3. HP: 24/24 MP: 0/7
  1337 | D:2      | Noticed a wight
  1337 | D:2      | Noticed a wight
  1344 | D:2      | Killed a wight
  1345 | D:2      | Reached XP level 4. HP: 30/30 MP: 3/9
  1348 | D:2      | Reached skill level 5 in Conjurations
  1348 | D:2      | Reached XP level 5. HP: 22/35 MP: 0/10
  1353 | D:2      | Learned a level 4 spell: Fulminant Prism
  1480 | D:2      | Reached skill level 1 in Hexes
  1483 | D:2      | Mangled by a wight

Illustrated notes

Levels and vault maps discovered:
D:1:      wheals_arrival_shading, layout_loops_ring
D:2:      layout_basic

Skill      XL: |  1  2  3  4  5 |
---------------+----------------+-----
Spellcasting   | 3 |  3.7
Conjurations   | 5 |  5.0
Hexes          | 1 |  1.7
Dodging        | |  2.0
Stealth        | |  2.0

Action                   |  1- 3 |  4- 6 || total
-------------------------+-------+-------++-------
Melee: Club              |     2 |       ||     2
 Cast: Magic Dart        |    29 |     6 ||    35
       Searing Ray       |     2 |     3 ||     5
  Use: Potion            |     3 |       ||     3
       Scroll            |     1 |       ||     1
Armor: Robe              |     2 |       ||     2
Dodge: Dodged            |     4 |     3 ||     7

Table legend: (Time is in decaauts)
 A = Elapsed time spent in this place.
 B = Non-inter-level travel time spent in this place.
 C = Inter-level travel time spent in this place.
 D = Time resting spent in this place.
 E = Time spent auto-exploring this place.
 F = Levels seen in this place.
 G = Mean time per level.
                   A        B        C        D        E       F      G
               +--------+--------+--------+--------+--------+-----+--------+
         Total |   1465 |   1390 |     75 |    408 |    841 |   2 |  732.5 |
       Dungeon |   1465 |   1390 |     75 |    408 |    841 |   2 |  732.5 |
               +--------+--------+--------+--------+--------+-----+--------+

Top non-repeatable levels by time:
     D:1: 1144 daAuts
     D:2: 321 daAuts
